 Dungeon Crawl Stone Soup version 0.30-a0-596-g0af90f9a20 (webtiles) character file.

Game seed: 10410930708085056594

1549 PyroL the Covert (level 8, 0/43 HPs)
             Began as a Spriggan Hunter on Jan 7, 2023.
             Was a Believer of Fedhas.
             Shot with an arrow by a centaur (8 damage)
             ... on level 6 of the Dungeon.
             The game lasted 00:12:37 (5045 turns).

PyroL the Covert (Spriggan Hunter)                  Turns: 5045, Time: 00:12:38

Health: 0/43       AC:  6    Str:  7    XL:     8   Next: 57%
Magic:  11/11      EV: 21    Int: 10    God:    Fedhas [**....]
Gold:   205        SH:  5    Dex: 21    Spells: 7/7 levels left

rFire   . . .      SeeInvis +    a - +0 shortbow
rCold   x . .      Faith    .    (shield currently unavailable)
rNeg    + + +      Spirit   .    c - +0 robe
rPois   +          Reflect  +    j - +1 hat
rElec   +          Harm     .    o - +2 cloak {Will+}
rCorr   .          Rampage  .    (gloves unavailable)
Will    +....                    (boots unavailable)
Stlth   +++++                    C - amulet of reflection
HPRegen 0.27/turn                l - ring of positive energy
MPRegen 0.12/turn                n - ring of the Duke {rElec rPois rC- rN++ Will-}

@: very quick
A: very small, no large weapons, unfitting armour, see invisible, speed 3
a: Renounce Religion, Wall of Briars


You were on level 6 of the Dungeon.
You worshipped Fedhas.
Fedhas was pleased with you.
You visited 2 branches of the dungeon, and saw 7 of its levels.
You also visited: Sewer.

You collected 205 gold pieces.

Inventory:

Hand Weapons
 a - a +0 shortbow (weapon)
 p - a +4 quarterstaff of chaos
Missiles
 g - 2 throwing nets
 H - 4 poisoned darts
Armour
 c - a +0 robe (worn)
 j - a +1 hat (worn)
 o - a +2 cloak of willpower (worn)
Jewellery
 l - a ring of positive energy (left hand)
 n - the ring of the Duke (right hand) {rElec rPois rC- rN++ Will-}
   (You found it on level 2 of the Dungeon)

   [ring of poison resistance]

   rC:        It makes you vulnerable to cold.
   rElec:     It insulates you from electricity.
   rPois:     It protects you from poison.
   rN:        It greatly protects you from negative energy.
   Will:      It decreases your willpower.
 A - a ring of ice
 C - an amulet of reflection (around neck)
Scrolls
 b - a scroll of immolation
 e - 3 scrolls of enchant armour
 k - 2 scrolls of blinking
 m - 4 scrolls of teleportation
 q - 3 scrolls of fog
 s - a scroll of amnesia {unknown}
 t - 2 scrolls of noise
 w - a scroll of acquirement {unknown}
 y - a scroll of butterflies {unknown}
 B - a scroll of poison {unknown}
 D - a scroll of magic mapping {unknown}
 E - a scroll of vulnerability {unknown}
Potions
 d - 3 potions of ambrosia
 f - 3 potions of magic
 h - a potion of heal wounds {unknown}
 i - 3 potions of curing {unknown}
 r - 3 potions of flight {unknown}
 u - 3 potions of brilliance {unknown}
 v - a potion of degeneration {unknown}
 x - 3 potions of invisibility {unknown}
 z - a potion of lignification {unknown}
 F - 2 potions of might {unknown}
 G - a potion of berserk rage {unknown}


   Skills:
 - Level 5.0 Fighting
 - Level 5.6 Ranged Weapons
 - Level 5.8 Dodging
 - Level 10.0 Stealth
 + Level 2.8 Invocations


You had 7 spell levels left.
You didn't know any spells.
Your spell library contained the following spells:

 Spells                   Type           Power      Damage    Failure   Level
 Ensorcelled Hibernation  Hex/Ice        0%         N/A       50%         2
 Passwall                 Tmut/Erth      0%         N/A       50%         2
 Scorch                   Fire           0%         2d5       50%         2
 Swiftness                Air            0%         N/A       75%         3
 Flame Wave               Conj/Fire      0%         2d4       98%         4
 Summon Cactus Giant      Summ           0%         N/A       100%        6


Dungeon Overview and Level Annotations

Branches:
Dungeon (6/15)             Temple (1/1) D:4           Sewer (visited)

Altars:
Dithmenos
Elyvilon
Fedhas
Gozag
Kikubaaqudgha
Okawaru
Qazlal
Ru
Trog
Uskayaw
Vehumet
Xom
Yredelemnul
Zin
The Shining One


Innate Abilities, Weirdness & Mutations

You are very small and have problems with some larger weapons.
You are too small for most types of armour.
You have supernaturally acute eyesight. (SInv)
You cover ground extremely quickly. (Speed+++)


Message History

The orc is almost dead.
The orc completely misses you. x2
You shoot an arrow. The arrow hits the orc!
You kill the orc!
Fedhas appreciates your contribution to the ecosystem.
The centaur wields a +0 shortbow.
The centaur shoots an arrow.
The arrow misses you.
The centaur shoots an arrow.
The arrow hits you.
You shoot an arrow.
The arrow hits the centaur but does no damage.
No target in view!
No target in view!
No target in view!
No target in view!
No target in view!
No target in view!
No target in view!
No target in view!
The centaur shoots an arrow.
The arrow hits you!
You shoot an arrow. The arrow hits the centaur!
The centaur is heavily wounded.
The centaur shoots an arrow.
The arrow hits you!
* * * LOW HITPOINT WARNING * * *
The centaur shoots an arrow.
The arrow closely misses you.
You are too injured to fight recklessly!
You are too injured to fight recklessly!
Fire: a) +0 shortbow
Press: ? - help, Shift-Dir - straight line, f/p - centaur
Aim: a centaur, wielding a +0 shortbow (heavily wounded, 76% to hit)
You shoot an arrow. The arrow hits the centaur.
The centaur is heavily wounded.
The centaur shoots an arrow.
The arrow hits you.
* * * LOW HITPOINT WARNING * * *
The centaur shoots an arrow.
The arrow hits you!
* * * LOW HITPOINT WARNING * * *
The centaur shoots an arrow.
The arrow completely misses you.
Things that are here:
a +0 shortbow; a centaur corpse The centaur shoots an arrow.
The arrow hits you!
You die...
Fedhas appreciates your contribution to the ecosystem.

####.....##...)..### ..
......#......#... ...
#.#.##........... ###.
.##>#.#.>..........
.#.###.#..............>..
#...#...#..#.............
#...#...##.##...........#
#...#...#..##...รท........
.#.###.#....#...@.)......
###...##...............#
.#c....#)c#......)...#.#
..#...#c..#........###
..#####............## ..#
#.###.....#...#### .#.
.#........###.)..#### ###.
.# ....<#### #..)..<.# ###
#...## ##......#


You could see a centaur.

Vanquished Creatures
  Pikel (D:4)
  A water moccasin (D:4)
  Pargi (Sewer)
  A centaur (D:6)
  4 lemures (D:4)
  2 phantoms (D:5)
  A necrophage (D:6)
  A scorpion (D:5)
  2 hounds
  An orc priest (D:5)
  Crazy Yiuf (D:2)
  An iguana (D:4)
  Terence (D:3)
  8 gnolls
  19 adders
  A river rat (D:4)
  An ufetubus (D:6)
  2 worms
  3 dart slugs
  12 orcs
  5 endoplasms
  3 giant cockroaches
  8 goblins
  8 hobgoblins
  5 quokkas
  13 ball pythons
  A bat (D:3)
  8 frilled lizards
  7 kobolds
  4 rats
126 creatures vanquished.

Vanquished Creatures (others)
  9 plants (D:5)
9 creatures vanquished.

Grand Total: 135 creatures vanquished

Notes
Turn   | Place    | Note
-------+----------+-------------------------------------------
     0 | D:1      | PyroL the Spriggan Hunter began the quest for the Orb.
     0 | D:1      | Reached XP level 1. HP: 10/10 MP: 2/2
   222 | D:1      | Reached XP level 2. HP: 14/14 MP: 3/3
   788 | D:2      | Reached XP level 3. HP: 18/18 MP: 4/4
  1022 | D:2      | Reached XP level 4. HP: 22/22 MP: 5/5
  1153 | D:2      | Identified the ring of the Duke {rElec rPois rC- rN++
                  | Will-}
  1314 | D:2      | Found a runed translucent door.
  1315 | D:2      | Noticed Crazy Yiuf
  1372 | D:2      | Killed Crazy Yiuf
  1373 | D:2      | Reached skill level 5 in Ranged Weapons
  1557 | D:3      | Reached skill level 5 in Dodging
  1619 | D:3      | Found a blossoming altar of Fedhas.
  1628 | D:3      | Became a worshipper of Fedhas Madash
  1686 | D:3      | Reached XP level 5. HP: 25/25 MP: 6/6
  1824 | D:3      | Found a stormy altar of Qazlal.
  1827 | D:3      | Noticed a fire elemental
  1835 | D:3      | Noticed an air elemental
  1849 | D:3      | Noticed a water elemental
  1869 | D:3      | Noticed Terence
  1889 | D:3      | Killed Terence
  2166 | D:3      | Found a glowing golden altar of the Shining One.
  2222 | D:3      | Found a faded altar of an unknown god.
  2333 | D:3      | Found a bloodstained altar of Trog.
  2336 | D:3      | Reached * piety under Fedhas
  2348 | D:3      | Reached skill level 2 in Stealth
  2398 | D:4      | Found a staircase to the Ecumenical Temple.
  2414 | D:4      | Found a hide-covered altar of Uskayaw.
  2469 | D:4      | Found a glowing drain.
  2489 | Sewer    | Entered a sewer
  2509 | Sewer    | Noticed Pargi
  2545 | Sewer    | Killed Pargi
  2546 | Sewer    | Reached skill level 3 in Stealth
  2546 | Sewer    | Reached XP level 6. HP: 24/31 MP: 7/7
  2700 | D:4      | Noticed Pikel
  3022 | D:4      | Found an opulent altar of Gozag.
  3213 | D:4      | Reached skill level 4 in Stealth
  3503 | Temple   | Entered the Ecumenical Temple
  3636 | D:5      | Entered Level 5 of the Dungeon
  3647 | D:5      | Noticed a water moccasin
  3690 | D:4      | Killed a water moccasin
  3690 | D:4      | Reached ** piety under Fedhas
  3691 | D:4      | Reached skill level 5 in Stealth
  3691 | D:4      | Reached XP level 7. HP: 34/36 MP: 8/8
  3828 | D:4      | Killed Pikel
  3829 | D:4      | Reached skill level 8 in Stealth
  3908 | D:5      | Reached XP level 8. HP: 24/42 MP: 9/9
  4202 | D:5      | Reached skill level 5 in Fighting
  4202 | D:5      | Reached skill level 9 in Stealth
  4729 | D:6      | Reached skill level 10 in Stealth
  5045 | D:6      | Shot with an arrow by a centaur

Illustrated notes

Levels and vault maps discovered:
D:1:      spicycebolla_green_bress_n_ham_2, layout_rooms, roderic_lattice_a
D:2:      layout_loops_cross, uniq_crazy_yiuf_cottage
D:3:      layout_rooms, nicolae_qazlal_style_of_elements, fedhas_ov_isle_minmay,
          trog_hazing_becter, tso_oasis_becter,
          shapermc_ecumenical_altar_totnotflames, corexii_corridor_pit,
          hangedman_decor_growths, minmay_snake_closets, uniq_terence
D:4:      layout_loops_ring, mainiacjoe_overflow_cross_hatched,
          lemuel_round_altar, minmay_temple_entry_mist,
          cheibrodos_sewer_entry_sluice, uniq_pikel
D:5:      layout_basic, serial_bayou_ford_a
D:6:      nicolae_cairo_tiling, layout_cave_pools, nemelex_dance_club_becter
Temple:   nicolae_temple_figure_zero

Skill      XL: |  1  2  3  4  5  6  7  8 |
---------------+-------------------------+-----
Dodging        | 3 4 5 |  5.8
Ranged Weapons | 5 |  5.6
Stealth        | 3 5 8 10 | 10.0
Fighting       | 2 3 4 5 |  5.0
Invocations    | 2 |  2.8

Action                   |  1- 3 |  4- 6 |  7- 9 || total
-------------------------+-------+-------+-------++-------
Melee: Quarterstaff      |       |    23 |     8 ||    31
 Fire: Shortbow          |    62 |   253 |   177 ||   492
  Use: Scroll            |       |     5 |     2 ||     7
 Stab: Paralysed         |       |       |     1 ||     1
Armor: Robe              |     1 |    25 |    12 ||    38
Dodge: Dodged            |    15 |   170 |    74 ||   259
Block: Other             |       |       |    14 ||    14
       Reflection        |       |       |     1 ||     1

Table legend: (Time is in decaauts)
 A = Elapsed time spent in this place.
 B = Non-inter-level travel time spent in this place.
 C = Inter-level travel time spent in this place.
 D = Time resting spent in this place.
 E = Time spent auto-exploring this place.
 F = Levels seen in this place.
 G = Mean time per level.
                   A        B        C        D        E       F      G
               +--------+--------+--------+--------+--------+-----+--------+
         Total |   3716 |   3504 |    212 |    397 |   2029 |   8 |  464.5 |
       Dungeon |   3454 |   3248 |    206 |    397 |   1854 |   6 |  575.7 |
        Temple |     78 |     73 |      5 |      0 |     71 |   1 |   78.0 |
         Sewer |    182 |    182 |      0 |      0 |    103 |   1 |  182.0 |
               +--------+--------+--------+--------+--------+-----+--------+

Top non-repeatable levels by time:
     D:4: 1020 daAuts
     D:5: 676 daAuts
     D:3: 590 daAuts
     D:2: 554 daAuts
     D:1: 464 daAuts
   Sewer: 182 daAuts
     D:6: 148 daAuts
  Temple: 78 daAuts
